 Dungeon Crawl Stone Soup version 0.27-a0-972-gd1521fd518 (webtiles) character file.

Game seed: 782992330979376885

1 robertstho the Magician (level 1, -1/15 HPs)
             Began as a Djinni Fire Elementalist on Apr 13, 2021.
             Slain by a jackal (3 damage)
             ... on level 1 of the Dungeon.
             The game lasted 00:00:15 (68 turns).

robertstho the Magician (Djinni Fire Elementalist)    Turns: 68, Time: 00:00:15

Health: -1/15      AC:  2    Str:  7    XL:     1   Next: 20%
Gold:   0          EV: 12    Int: 16    God:
                   SH:  0    Dex: 13

rFire    + + .     SeeInvis .   (no weapon)
rCold    x . .     Faith    .   (no shield)
rNeg     . . .     Spirit   .   a - +0 robe
rPois    ∞         Reflect  .   (no helmet)
rElec    .         Harm     .   (no cloak)
rCorr    .         Rampage  .   (no gloves)
Will     .....                  (boots unavailable)
Stlth    ++........             (no amulet)
HPRegen  0.05/turn              (no ring)
MPRegen  0.00/turn              (no ring)

@: flying
A: fire resistance 2, cold vulnerability 1, float, innate caster, hp casting,
extra vitality 1
a: no special abilities


You were on level 1 of the Dungeon.
You visited 1 branch of the dungeon, and saw 1 of its levels.

Inventory:

Armour
 a - a +0 robe (worn)


   Skills:
 + Level 2.1 Dodging
 + Level 1.5 Stealth
 + Level 2.7 Spellcasting


You couldn't memorise any spells.
You knew the following spells:

 Your Spells              Type           Power      Damage    Failure   Level
a - Foxfire               Conj/Fire      44%        2x1d6     6%          1
b - Conjure Flame         Conj/Fire      11%        6-21      19%         3
c - Inner Flame           Hex/Fire       11%        N/A       19%         3
d - Sticky Flame          Conj/Fire      11%        2d3       52%         4
e - Fireball              Conj/Fire      5%         3d5       86%         5
Your spell library was empty.

Dungeon Overview and Level Annotations

Branches:
Dungeon (1/15)

Altars:


Innate Abilities, Weirdness & Mutations

You are immune to poison.
Your flesh is very heat resistant. (rF++)
You are vulnerable to cold. (rC-)
You float through the air rather than walking.
You learn spells naturally, not from books.
Your magical power is your life essence.
You have superior vitality. (+4 HP)


Message History

Nothing appears to happen.
The jackal bites you.
A goblin comes into view. It is wielding a +0 club.
Sorry, you're not good enough to have a special ability.
The jackal bites you but does no damage.
The jackal bites you.
Unknown command.
The jackal barely misses you. The jackal closely misses you.
Your magical contamination has completely faded away.
Casting: Foxfire (safe; 6% risk of failure)
Confirm with . or Enter, or press ? or * to list all spells.
You conjure some foxfire!
The jackal bites you but does no damage.
The foxfire hits the goblin.
The goblin is moderately wounded.
The foxfire hits the goblin.
The goblin is severely wounded.
The jackal closely misses you.
Casting: Foxfire (safe; 6% risk of failure)
Confirm with . or Enter, or press ? or * to list all spells.
You conjure some foxfire!
The jackal barely misses you. The jackal bites you.
The goblin hits you with a +0 club.
The foxfire hits the goblin.
You kill the goblin!
The jackal bites you.
* * * LOW HITPOINT WARNING * * *
Unknown command.
The jackal stops to sniff the ground.
The jackal closely misses you.
As you read the scroll labelled VUNLAPS JATTOCRI, it crumbles to dust.
Wisps of shadow whirl around you...
It was a scroll of summoning.
The bat hits your hobgoblin. The bat misses your hobgoblin.
The jackal closely misses you.
The goblin hits your hobgoblin with a +0 club.
The bat completely misses your hobgoblin.
You barely miss the jackal.
The jackal is almost dead.
The bat misses your hobgoblin. The bat closely misses your hobgoblin.
The jackal bites you.
You die...

#.#
#≈♣.≈≈P♣♣≈≈♣.≈#
#.#
#≈^.≈≈♣♣P≈≈.P≈#
#.#
#≈♣♣≈≈P♣P≈≈♣P≈#
#.# #≈
P≈≈P♣P≈≈PP≈#
#.# # ♣.≈≈
.P≈≈♣P≈#
###.### PPP≈≈♣
≈# #.....#
≈≈≈≈≈≈≈ #
#.#.### ###
#.#...## ##@# #
####.###h##
##.#gg# ##g#b#
..### #.#.#
......#.#.#
#gg...#
#..##..# #[g#
##.#


You could see a jackal, 2 goblins, a bat and a friendly hobgoblin (summoned).

Vanquished Creatures
  A goblin (D:1)
1 creature vanquished.

Vanquished Creatures (others)
  4 foxfires (D:1)
4 creatures vanquished.

Grand Total: 5 creatures vanquished

Notes
Turn   | Place    | Note
-------+----------+-------------------------------------------
     0 | D:1      | robertstho the Djinni Fire Elementalist began the quest for
                  | the Orb.
     0 | D:1      | Reached XP level 1. HP: 15/15 MP: 0/0
    68 | D:1      | Slain by a jackal

Illustrated notes

Levels and vault maps discovered:
D:1:      lightli_arrival_farm, layout_loops_ring, minmay_stone_trees_small,
          minmay_pentomino_w4

Action                   || total
-------------------------++-------
Melee: Unarmed           ||     1
 Cast: Foxfire           ||     3
  Use: Scroll            ||     1
Armor: Robe              ||     2
Dodge: Dodged            ||     7

Table legend: (Time is in decaauts)
 A = Elapsed time spent in this place.
 B = Non-inter-level travel time spent in this place.
 C = Inter-level travel time spent in this place.
 D = Time resting spent in this place.
 E = Time spent auto-exploring this place.
 F = Levels seen in this place.
 G = Mean time per level.
                   A        B        C        D        E       F      G
               +--------+--------+--------+--------+--------+-----+--------+
         Total |     68 |     68 |      0 |      0 |     48 |   1 |   68.0 |
       Dungeon |     68 |     68 |      0 |      0 |     48 |   1 |   68.0 |
               +--------+--------+--------+--------+--------+-----+--------+

Top non-repeatable levels by time:
     D:1: 68 daAuts
